Map: Protocole central

Players

Reynor

  • Race: Zerg Zerg
  • League: Grandmaster

AcerBly (Bly) - Winner!

  • Race: Zerg Zerg

Event: NationWars III

VOD

Have the link to the VOD?

Description

Time

  • Played on: Nov. 19, 2015, 1:51 p.m.
  • Length: 10:20

All games in this series

Show
View Real Time Build Order
Export as new Build Order

Reynor Zerg 

Build Orders: Hatch First 

Get SALT Encoding   

  12  0:01  Drone  
  13  0:13  Overlord  
  13  0:18  Drone  
  14  0:26  Drone, Extractor  
  15  0:33  Drone  
  15  0:35  Drone  
  17  0:55  Hatchery  
  16  0:57  Extractor  
  16  0:59  Drone  
  16  1:05  Drone  
  17  1:17  Spawning Pool  
  16  1:21  Drone  
  16  1:25  Drone  
  18  1:29  Drone  
  19  1:41  Overlord  
  19  2:04  Metabolic Boost, Queen  
  21  2:11  Zergling x2  
  21  2:12  Zergling x2  
  21  2:15  Drone  
  26  2:18  Drone  
  26  2:21  Drone  
  28  2:24  Drone  
  29  2:32  Zergling x2  
  29  2:35  Spine Crawler  
  29  2:36  Zergling x2  
  30  2:40  Zergling x2  
  28  2:48  Baneling Nest  
  28  2:50  Zergling x2  
  25  2:56  Zergling x4  
  24  3:04  Zergling x2  
  25  3:07  Zergling x2  
  25  3:11  Queen  
  19  3:23  Drone  
  20  3:29  Drone  
  21  3:34  Zergling x2  
  21  3:36  Zergling x2  
  23  3:42  Zergling x2  
  24  3:50  Baneling  
  24  3:51  Zergling x4  
  25  4:04  Zergling x2  
  25  4:05  Baneling  
  26  4:10  Baneling  
  26  4:20  Baneling  
  26  4:21  Zergling x2  
  27  4:30  Zergling x6  
  30  4:44  Hatchery  
  29  4:50  Baneling x2  
  29  5:04  Overlord, Zergling x2  
  29  5:12  Drone  
  29  5:31  Baneling x2  
  29  5:34  Drone x3  
  30  5:48  Zergling x2  
  31  5:53  Queen  
  31  5:56  Zergling x2  
  34  6:00  Zergling x6  
  37  6:10  Hatchery  
  35  6:15  Drone  
  36  6:19  Hatchery  
  35  6:32  Zergling x6  
  37  6:40  Overlord  
  37  6:43  Drone  
  37  6:57  Zergling x2  
  37  7:03  Baneling  
  37  7:04  Baneling  
  37  7:12  Drone x2  
  37  7:13  Drone  
  38  7:24  Roach Warren  
  38  7:25  Drone  
  38  7:36  Drone x5  
  45  7:53  Queen  
  45  7:54  Overlord  
  45  7:55  Overlord  
  45  7:57  Drone x2  
  47  7:59  Extractor  
  42  8:14  Roach x2  
  42  8:15  Roach x3  
  42  8:19  Roach x2  
  56  8:23  Roach  
  58  8:28  Drone x3  
  60  8:37  Roach x3  
  60  8:39  Zergling x2  
  66  8:45  Overlord  
  65  8:50  Ravager  
  65  8:54  Overlord  
  66  8:58  Zergling x2  
  62  9:03  Zergling x4  
  62  9:04  Zergling x4  
  62  9:05  Ravager  
  62  9:06  Ravager  
  68  9:10  Roach  
  68  9:16  Zergling x12  
  69  9:20  Roach  
  69  9:27  Overlord  
  68  9:36  Baneling  
  58  9:47  Zergling x10  
  58  9:52  Roach x2  
  59  9:57  Ravager  
  47  10:00  Roach x2  
Show
View Real Time Build Order
Export as new Build Order

AcerBly Zerg - Winner!

Build Orders: Pool First 

Get SALT Encoding   

  12  0:01  Drone  
  13  0:08  Drone  
  14  0:17  Extractor  
  13  0:28  Spawning Pool  
  12  0:33  Drone  
  13  0:36  Drone  
  14  0:44  Extractor  
  14  0:45  Drone  
  15  0:55  Overlord  
  15  1:16  Queen  
  15  1:17  Metabolic Boost  
  17  1:19  Zergling x2  
  17  1:23  Zergling x2  
  19  1:34  Zergling x2  
  20  1:51  Zergling x2  
  20  1:53  Hatchery  
  20  2:04  Overlord  
  20  2:08  Zergling x2  
  20  2:13  Zergling x2  
  24  2:25  Zergling x4  
  24  2:26  Zergling x2  
  24  2:28  Zergling x2  
  26  2:33  Queen  
  28  2:43  Overlord  
  26  2:58  Zergling x2  
  26  2:59  Zergling x4  
  26  3:01  Overlord  
  28  3:17  Zergling x4  
  28  3:18  Zergling x4  
  27  3:30  Zergling x4  
  29  3:40  Drone x2  
  29  3:41  Baneling Nest  
  30  3:48  Drone  
  31  4:02  Overlord  
  31  4:11  Spine Crawler  
  30  4:22  Drone x4  
  33  4:39  Zergling x8  
  37  4:54  Queen  
  38  5:03  Baneling x2  
  38  5:04  Baneling x4  
  37  5:07  Baneling x2  
  37  5:09  Drone x2  
  37  5:12  Drone  
  36  5:37  Queen  
  36  5:40  Zergling x12  
  44  5:47  Drone x3  
  47  6:03  Queen  
  47  6:04  Drone x3  
  47  6:10  Zergling x6  
  44  6:29  Zergling x16  
  44  6:32  Extractor  
  49  6:51  Drone x5, Roach Warren  
  43  7:11  Drone x4  
  43  7:14  Overlord  
  47  7:17  Baneling x2  
  46  7:33  Overlord  
  46  7:40  Roach x8  
  62  7:44  Extractor  
  61  8:01  Roach x6  
  72  8:16  Zergling x8  
  72  8:19  Overlord  
  76  8:30  Overlord x2  
  76  8:34  Hatchery  
  75  8:38  Baneling x2  
  75  8:42  Zergling x12  
  75  8:47  Ravager x2  
  75  8:48  Ravager x3  
  86  8:49  Overlord  
  86  8:50  Ravager  
  82  9:03  Zergling x6  
  82  9:04  Zergling x4  
  85  9:17  Zergling x8  
  89  9:24  Zergling x4  
  89  9:29  Zergling x6  
  90  9:48  Zergling x2  
  90  9:49  Zergling x10  
  78  10:02  Zergling x2  
  78  10:03  Zergling x12  
Tags
 
Add a new tag
Caveats
  • Supply blocks, unpowered buildings, or Contaminate may cause inaccurate times.
  • Supply counts are checked every 10 seconds.